 Dungeon Crawl Stone Soup version 0.25-b1-39-g0d900dab71 (webtiles) character file.

Game seed: 16629007184554585843

281599 Esekla the Eclecticist (level 20, -2/100 HPs)
             Began as a Vine Stalker Venom Mage on June 5, 2020.
             Was the Champion of Vehumet.
             Killed from afar by a hellion (20 damage)
             ... with damnation
             ... summoned by a deep elf demonologist
             ... on level 3 of the Elven Halls on June 7, 2020.
             The game lasted 09:00:23 (42848 turns).

Esekla the Eclecticist (Vine Stalker Venom Mage)   Turns: 42848, Time: 09:00:24

Health: -2/100     AC: 23    Str:  7    XL:     20   Next: 51%
Magic:  0/41       EV: 20    Int: 22    God:    Vehumet [******]
Gold:   4300       SH:  8    Dex: 18    Spells: 3/52 levels left

rFire    . . .     SeeInvis .   q - +4 quick blade (protect)
rCold    . . .     Gourm    .   w - +2 buckler {AC+3}
rNeg     . . .     Faith    .   a - +4 troll leather armour {Snorg}
rPois    +         Spirit   +   o - +2 helmet {Int+3}
rElec    +         Reflect  .   P - +2 cloak
rCorr    .         Harm     .   E - +2 pair of gloves {archery}
MR       ++++.                  K - +2 pair of boots {Stlth+}
Stlth    ++++++....             V - amulet "Qecaiv" {RegenMP MR++ Str-4}
HPRegen  1.46/turn              H - +4 ring of slaying
MPRegen  0.52/turn              u - +4 ring of evasion

@: about to teleport, corroded, protection aura
A: fangs 3, dopey 1, poison resistance, regeneration 2, electricity resistance,
magic shield, antimagic bite, no potion heal 3, rot immunity
}: 2/15 runes: decaying, gossamer
a: Renounce Religion


You were on level 3 of the Elven Halls.
You worshipped Vehumet.
Vehumet was exalted by your worship.
You were not hungry.

You visited 8 branches of the dungeon, and saw 36 of its levels.
You also visited: Sewer, Ossuary, Gauntlet, Ice Cave and Volcano.

You collected 5457 gold pieces.
You spent 1157 gold pieces at shops.

Inventory:

Hand Weapons
 e - a +6 scimitar of electrocution
 h - the +10 zealot's sword {holy, *Rage rN+ EV+3}
   (You found it on level 13 of the Dungeon)

   It has been blessed by the Shining One to cause great damage to the undead
   and demons.
   It affects your evasion (+3).
   It protects you from negative energy.
   It may make you go berserk in combat.
 q - a +4 quick blade of protection (weapon)
Missiles
 p - 114 poisoned darts
 s - 21 boomerangs (quivered)
 N - 13 javelins
Armour
 a - a +4 troll leather armour (worn) {Snorg}
 o - a +2 helmet of intelligence (worn)
 t - the +0 robe of Itour {rElec rCorr Stlth+}
   (You found it on level 1 of the Elven Halls)

   It insulates you from electricity.
   It provides partial protection from all sources of acid and corrosion.
   It makes you more stealthy.
 w - a +2 buckler of protection (worn)
 E - a +2 pair of gloves of archery (worn)
 K - a +2 pair of boots of stealth (worn)
 P - a +2 cloak (worn)
 T - a +2 robe of magic resistance
Jewellery
 b - the amulet "Ycwoehuxt" {RegenMP Str+2}
   (You found it in a Gauntlet)

   [amulet of magic regeneration]

   It increases your magic regeneration.
   It affects your strength (+2).
 l - a +4 ring of protection
 u - a +4 ring of evasion (right hand)
 v - the ring "Nemad" {rPois rF+++ Int-4 Dex-2 Stlth-}
   (You found it on level 3 of the Swamp)

   [ring of attention]

   It affects your intelligence (-4).
   It affects your dexterity (-2).
   It renders you almost immune to fire.
   It protects you from poison.
   It makes you less stealthy.
 A - an uncursed ring of protection from fire
 F - an uncursed ring of see invisible
 H - a +4 ring of slaying (left hand)
 V - the amulet "Qecaiv" (around neck) {RegenMP MR++ Str-4}
   (You found it on level 1 of the Spider Nest)

   [amulet of magic regeneration]

   It increases your magic regeneration.
   It affects your strength (-4).
   It affects your resistance to hostile enchantments.
Wands
 g - a wand of flame (33)
 m - a wand of polymorph (8)
 y - a wand of acid (30)
 D - a wand of iceblast (33)
 L - a wand of digging (8)
 M - a wand of disintegration (53)
 Q - a wand of paralysis (30)
 S - a wand of clouds (18)
Scrolls
 d - 16 scrolls of remove curse
 f - a scroll of silence
 i - 13 scrolls of identify
 x - 6 scrolls of magic mapping
 B - a scroll of fog
 C - a scroll of fear
 R - 3 scrolls of teleportation
 U - 2 scrolls of holy word
Potions
 j - 17 potions of curing
 k - 14 potions of stabbing
 n - 2 potions of haste
 r - 5 potions of flight
 G - 3 potions of cancellation
 I - 2 potions of might
 J - 4 potions of ambrosia
 O - a potion of resistance
 W - 2 potions of brilliance
 X - 8 potions of lignification
 Y - a potion of invisibility
Miscellaneous
 z - a tin of tremorstones (3/3)
 Z - a lightning rod (4/4)
Comestibles
 c - 55 rations


   Skills:
 + Level 8.5 Fighting
 - Level 3.7(10.0) Short Blades
 * Level 13.8(14.0) Long Blades
   Level 6.1 Polearms
 + Level 1.5 Throwing
 + Level 4.8 Armour
 + Level 7.2 Dodging
 + Level 11.5 Stealth
 + Level 6.1 Shields
 * Level 16.7 Spellcasting
 * Level 10.8 Conjurations
 + Level 0.7 Summonings
 + Level 0.2 Translocations
   Level 1.0 Transmutations
 * Level 10.1 Fire Magic
 + Level 7.1 Ice Magic
 * Level 10.8 Air Magic
 + Level 8.0 Poison Magic
 + Level 7.0 Evocations


You had 3 spell levels left.
You knew the following spells:

 Your Spells              Type           Power        Failure   Level  Hunger
a - Airstrike             Air            ######....   1%          4    None
b - Fireball              Conj/Fire      ######....   1%          5    ##.....
c - Mephitic Cloud        Conj/Pois/Air  ######..     1%          3    None
d - Ignition              Fire           ######....   71%         8    #######
e - Searing Ray           Conj           ######       1%          2    None
f - Conjure Flame         Conj/Fire      ######..     1%          3    None
g - Conjure Ball Lightni  Conj/Air       ######....   2%          6    ####...
i - Summon Lightning Spi  Summ/Air       #####...     4%          4    None
p - Apportation           Tloc           ###...       3%          1    None
r - Frozen Ramparts       Ice            #####.       1%          3    None
v - Poisonous Vapours     Pois/Air       ######       1%          2    None
x - Olgreb's Toxic Radia  Pois           ######..     1%          4    None
y - Sticky Flame          Conj/Fire      ######..     1%          4    None

Your spell library contained the following spells:

 Spells                   Type           Power        Failure   Level  Hunger
 Absolute Zero            Ice            #####.....   100%        9    #######
 Fire Storm               Conj/Fire      ######....   100%        9    #######
 Foxfire                  Conj/Fire      ####         1%          1    None
 Magic Dart               Conj           ####         1%          1    None
 Sandblast                Erth           ###...       1%          1    None
 Shock                    Conj/Air       ####         1%          1    None
 Sting                    Tmut/Pois      ####         1%          1    None
 Swiftness                Chrm/Air       #####...     1%          2    None
 Dazzling Flash           Conj/Hex       #####.       1%          3    None
 Ignite Poison            Fire/Tmut/Pois #####...     1%          3    None
 Inner Flame              Hex/Fire       #####...     1%          3    None
 Spider Form              Tmut/Pois      #####.....   1%          3    None
 Static Discharge         Conj/Air       ######..     1%          3    None
 Stone Arrow              Conj/Erth      #####.       1%          3    None
 Beastly Appendage        Tmut           ###...       2%          1    None
 Summon Butterflies       Summ           ###.....     3%          1    None
 Summon Small Mammal      Summ           ###.         3%          1    None
 Corona                   Hex            ###....      4%          1    None
 Call Imp                 Summ           ###.....     4%          2    None
 Sticks to Snakes         Tmut           ###.....     4%          2    None
 Passwall                 Tmut/Erth      ###.....     5%          2    None
 Slow                     Hex            ###.....     6%          2    None
 Call Canine Familiar     Summ           ###.....     10%         3    None
 Recall                   Summ/Tloc      N/A          11%         3    None
 Summon Guardian Golem    Hex/Summ       ###.....     11%         3    None
 Lesser Beckoning         Tloc           ###.......   12%         3    None
 Portal Projectile        Hex/Tloc       ###...       12%         3    None
 Tukima's Dance           Hex            ###.....     13%         3    None
 Fulminant Prism          Conj/Hex       #####.....   1%          4    None
 Hailstorm                Conj/Ice       ######..     1%          4    None
 Iskenderun's Mystic Bla  Conj/Tloc      #####...     1%          4    None
 Bolt of Magma            Conj/Fire/Erth #####.....   1%          5    ##.....
 Lightning Bolt           Conj/Air       ######....   1%          5    ##.....
 Iskenderun's Battlesphe  Conj/Chrm      #####...     3%          5    ##.....
 Freezing Cloud           Conj/Ice/Air   ######....   3%          6    ####...
 Ice Form                 Ice/Tmut       #####...     8%          4    None
 Summon Ice Beast         Ice/Summ       #####...     9%          4    None
 Ozocubu's Refrigeration  Ice            #####.....   10%         6    ####...
 Orb of Destruction       Conj           ######....   11%         7    ######.
 Iron Shot                Conj/Erth      #####.....   17%         6    ####...
 Alistair's Intoxication  Tmut/Pois      #####...     19%         5    ##.....
 Metabolic Englaciation   Hex/Ice        ####......   26%         5    ##.....
 Lee's Rapid Deconstruct  Erth           ###.......   28%         5    ##.....
 Petrify                  Tmut/Erth      ###.....     34%         4    None
 Cause Fear               Hex            ###.......   38%         4    None
 Leda's Liquefaction      Hex/Erth       ###.......   38%         4    None
 Blade Hands              Tmut           ###.......   61%         5    ##.....
 Spellforged Servitor     Conj/Summ      #####.....   61%         7    ######.
 Aura of Abjuration       Summ           ###.......   65%         5    ##.....
 Summon Demon             Summ           ###.......   65%         5    ##.....
 Summon Forest            Summ/Tloc      ###.......   67%         5    ##.....
 Summon Mana Viper        Hex/Summ       ###.....     71%         5    ##.....
 Simulacrum               Ice/Necr       ####......   83%         6    ####...
 Shadow Creatures         Summ           N/A          99%         6    ####...
 Statue Form              Tmut/Erth      ###......    99%         6    ####...
 Ring of Flames           Chrm/Fire      #####.....   99%         7    ######.
 Invisibility             Hex            ###.....     100%        6    ####...
 Disjunction              Tloc           ###.......   100%        8    #######
 Shatter                  Erth           ###.......   100%        9    #######


Dungeon Overview and Level Annotations

Branches:
Dungeon (15/15)            Temple (1/1) D:7            Lair (6/6) D:9
  Swamp (4/4) Lair:4       Spider (4/4) Lair:4        Slime (0/5) Lair:6
    Orc (2/2) D:9             Elf (3/3) Orc:2        Vaults (0/5) D:13
 Depths (1/5) D:15          Sewer (visited)         Ossuary (visited)
  IceCv (visited)         Volcano (visited)         Gauntlet (visited)

Altars:
Ashenzari
Cheibriados
Dithmenos
Elyvilon
Gozag
Hepliaklqana
Nemelex Xobeh
Qazlal
Sif Muna
Vehumet
Wu Jian
Xom
Yredelemnul
Zin
The Shining One
Beogh
Jiyva

Shops:
D:7 ([**(   D:12 [   D:13 *   Orc:2 [!*

Portals:
Hell: Depths:1

Annotations:
Lair:1 1 runed translucent door, Rastanax's ghost, journeyman HOFi
Lair:5 3 runed translucent doors, Wolly's ghost, journeyman CeAM
Lair:6 1 runed translucent door


Innate Abilities, Weirdness & Mutations

You have razor-sharp teeth.
You heal very quickly.
When hurt, damage is shared between your health and your magic reserves.
Your bite disrupts and absorbs the magic of your enemies.
Potions cannot restore your health.
You are immune to rotting.
You are dopey. (Int -2)
Your system is resistant to poisons. (rPois)
You are resistant to electric shocks. (rElec)


Message History

You bite the deep elf demonologist, but do no damage.
The deep elf demonologist is almost dead.
Your surroundings seem slightly different.
The deep elf annihilator seems less confused.
As you read the scroll of teleportation, it crumbles to dust.
You feel strangely unstable.
The deep elf annihilator seems to regain its courage.
The ufetubus is engulfed in noxious fumes.
The deep elf annihilator mumbles some strange words.
The deep elf annihilator blinks!
The deep elf elementalist is engulfed in noxious fumes.
The deep elf elementalist barely misses something.
Something hits the deep elf elementalist!
The deep elf elementalist is killed!
Vehumet accepts your kill.
You feel your power returning.
Your life force feels restored.
The hellion gestures at you.
The sphere of damnation explodes!
The damnation engulfs you!!
You die...

#.....##e##..e..
.## #.....°.4...#
...###.e§.)....#.#
....##..4°23...#
.....#..x○)○5..#
.......e..15......
...........4......
..................
.......@..........
#............%⌠...
#.......##........
.......## ....
......# ... .....#
.. ##### .


You could see a Brimstone Fiend (summoned), a deep elf annihilator (fleeing), a
deep elf demonologist (confused), a rust devil (summoned), a hellion (summoned),
a neqoxec (summoned), 2 chaos spawn, a white imp (summoned), an ufetubus
(summoned) and a crawling corpse.

Vanquished Creatures
  Nikola (Spider:1)
  Jorgrun (Elf:2)
  Asterion (Elf:2)
  3 deep elf blademasters
  2 deep elf master archers (Elf:3)
  Gastronok (Lair:3)
  Agnes (D:15)
  2 thorn hunters
  A frost giant (IceCv)
  3 deep elf sorcerers (Elf:3)
  7 emperor scorpions
  4 deep elf elementalists
  3 ghost moths (Spider:4)
  3 orc warlords
  A very ugly thing (Swamp:3)
  Nessos (Lair:6)
  3 entropy weavers
  4 deep elf annihilators
  2 deep elf demonologists (Elf:3)
  A minotaur (Gauntlet)
  3 spark wasps (Spider:4)
  Snorg (Lair:6)
  A death ooze (Gauntlet)
  A fire dragon (D:13)
  4 deep elf death magi (Elf:3)
  A deep elf high priest (Elf:3)
  2 ice dragons (D:15)
  22 hydras
  20 slime creatures
  2 catoblepae
  3 shambling mangroves
  A death knight (D:14)
  A ghost crab (Swamp:3)
  7 centaur warriors
  A death yak (IceCv)
  16 two-headed ogres
  17 alligators
  2 ogre magi (Orc:2)
  30 dancing weapons
  3 orc high priests
  19 deep elf knights
  5 skeletal warriors
  A hell knight (Volcano)
  4 spriggan druids
  An unseen horror (D:13)
  9 swamp dragons
  12 deep elf archers
  3 deep trolls
  A phantasmal warrior (D:15)
  18 wolf spiders
  12 orb spiders
  3 orc knights
  4 manticores
  3 orc sorcerers
  48 deep elf magi
  2 ugly things (D:13)
  3 black mambas
  A moth of wrath (Spider:4)
  7 cyclopes
  5 torpor snails
  9 elephants
  An ice statue (IceCv)
  3 molten gargoyles
  A spiny frog (shapeshifter) (D:13)
  Psyche (D:8)
  4 gargoyles
  34 spiny frogs
  5 komodo dragons
  A rime drake (Lair:3)
  3 freezing wraiths
  7 yaktaurs
  7 demonic crawlers
  An efreet (D:13)
  17 trolls
  13 tyrant leeches
  19 jumping spiders
  A queen bee (Lair:2)
  A polar bear (shapeshifter) (D:15)
  20 polar bears (IceCv)
  A raiju (shapeshifter) (D:13)
  A wolf spider simulacrum (D:14)
  15 blink frogs (Lair:6)
  20 hornets
  4 bog bodies
  7 hippogriffs
  5 dream sheep (Lair:6)
  A shadow (Swamp:2)
  3 water elementals
  12 spriggans
  20 tarantellas
  2 wraiths
  A tarantella (shapeshifter) (D:13)
  A hog (shapeshifter) (D:13)
  71 redbacks
  6 wyverns
  8 fire bats
  3 fire elementals (Elf:1)
  Grum (D:8)
  54 yaks
  4 hogs (D:9)
  A human (D:9)
  2 basilisks
  2 hungry ghosts
  30 vampire mosquitoes
  29 swamp worms
  6 wargs
  Edmund (D:3)
  6 insubstantial wisps (Swamp:2)
  15 water moccasins
  7 porcupines
  3 acid dragons
  48 orc warriors
  15 swamp drakes
  3 sky beasts
  14 ice beasts
  2 black bears
  A necrophage (D:14)
  27 ogres
  A phantom (D:14)
  18 centaurs
  23 wolves
  7 crocodiles
  2 big kobolds
  6 elf zombies (Ossuary)
  24 bullfrogs
  A gnoll sergeant (D:10)
  7 scorpions
  A wyvern skeleton (D:7)
  A water moccasin skeleton (D:5)
  30 killer bees
  15 wights
  8 howler monkeys
  5 electric eels
  7 lava snakes (Volcano)
  6 centaur zombies
  A crimson imp (D:13)
  A quasit (D:12)
  5 jellies
  2 human zombies (Ossuary)
  4 hounds
  26 orc priests
  26 orc wizards
  2 bullfrog skeletons
  8 centaur skeletons
  8 iguanas
  11 worker ants
  A killer bee zombie (D:6)
  A hound zombie (D:5)
  A hound skeleton (D:5)
  3 mummies (Ossuary)
  2 worker ant zombies
  6 gnolls
  12 adders
  2 howler monkey skeletons
  2 river rats
  3 shadow imps
  5 oozes
  An adder zombie (D:8)
  2 worms
  3 dart slugs
  2 leopard geckos
  92 orcs
  3 ball pythons
  5 giant cockroaches
  7 goblins
  3 hobgoblins
  10 jackals
  12 kobolds
  5 quokkas
  6 bats
  5 frilled lizards
  A jackal zombie (D:8)
  2 leopard gecko skeletons
  A quokka skeleton (D:8)
  16 rats
  17 briar patches (Swamp:3)
1431 creatures vanquished.

Vanquished Creatures (collateral kills)
  A deep elf mage (Elf:2)
1 creature vanquished.

Vanquished Creatures (others)
  A deep elf mage (Elf:1)
  12 ball lightnings
  An orc warrior (Orc:2)
  An iguana (Lair:4)
  A shadow imp (D:13)
  3 briar patches (Swamp:3)
  A bush (D:10)
  12 fungi
  30 plants
  4 withered plants (Gauntlet)
66 creatures vanquished.

Grand Total: 1498 creatures vanquished

Notes
Turn   | Place    | Note
-------+----------+-------------------------------------------
     0 | D:1      | Esekla the Vine Stalker Venom Mage began the quest for the
                  | Orb.
     0 | D:1      | Reached XP level 1. HP: 9/9 MP: 4/4
   366 | D:1      | Reached XP level 2. HP: 12/14 MP: 6/6
   416 | D:1      | Learned a level 2 spell: Poisonous Vapours
   612 | D:1      | Reached skill level 1 in Fighting
   727 | D:1      | Reached XP level 3. HP: 17/18 MP: 8/8
   733 | D:1      | Learned a level 3 spell: Mephitic Cloud
   900 | D:2      | Found a faded altar of an unknown god.
   971 | D:2      | Reached skill level 3 in Spellcasting
  1232 | D:3      | Gained mutation: Your natural rate of healing is unusually
                  | fast. [Vine Stalker growth]
  1232 | D:3      | Reached XP level 4. HP: 12/22 MP: 9/9
  1302 | D:4      | Found a shimmering altar of Xom.
  1344 | D:4      | Noticed Edmund
  1365 | D:3      | Found a white marble altar of Elyvilon.
  1515 | D:4      | Learned a level 3 spell: Ignite Poison
  1558 | D:4      | Reached skill level 1 in Conjurations
  1558 | D:4      | Reached skill level 1 in Air Magic
  1644 | D:4      | Found a glowing drain.
  1652 | D:4      | Reached skill level 1 in Short Blades
  1652 | D:4      | Reached XP level 5. HP: 26/26 MP: 3/11
  1713 | Sewer    | Entered a sewer
  1807 | Sewer    | Reached skill level 1 in Long Blades
  1815 | Sewer    | Noticed a big kobold
  1827 | Sewer    | Killed a big kobold
  1827 | Sewer    | Reached XP level 6. HP: 30/30 MP: 10/12
  1854 | Sewer    | Found a white marble altar of Elyvilon.
  1866 | Sewer    | Became a worshipper of Elyvilon the Healer
  2163 | D:5      | Entered Level 5 of the Dungeon
  2180 | D:5      | Reached skill level 4 in Spellcasting
  2262 | D:5      | Reached * piety under Elyvilon
  2273 | D:5      | Got an aquamarine-encrusted ring mail
  2344 | D:5      | Found a sand-covered staircase.
  2370 | D:5      | Identified the +3 ring mail "Hoshefy" {*Slow Int+5} (You
                  | found it on level 5 of the Dungeon)
  2371 | Ossuary  | Entered an ossuary
  2387 | Ossuary  | Reached XP level 7. HP: 35/35 MP: 14/14
  2626 | Ossuary  | Gained mutation: You have razor-sharp teeth. [Vine Stalker
                  | growth]
  2626 | Ossuary  | Reached XP level 8. HP: 22/39 MP: 15/15
  2718 | Ossuary  | Gained mutation: You tend to lose your temper in combat.
                  | [potion of mutation]
  2718 | Ossuary  | Gained mutation: Your flesh is heat resistant. (rF+)
                  | [potion of mutation]
  2718 | Ossuary  | Gained mutation: Your muscles are strong. (Str +2) [potion
                  | of mutation]
  2719 | Ossuary  | Lost mutation: Your flesh is heat resistant. (rF+) [potion
                  | of mutation]
  2719 | Ossuary  | Lost mutation: Your muscles are strong. (Str +2) [potion of
                  | mutation]
  2719 | Ossuary  | Lost mutation: You tend to lose your temper in combat.
                  | [potion of mutation]
  2719 | Ossuary  | Gained mutation: Your magical capacity is low. (-10% MP)
                  | [potion of mutation]
  2719 | Ossuary  | Gained mutation: You have large cloven feet. [potion of
                  | mutation]
  2807 | D:5      | Found a hazy altar of Hepliaklqana.
  2807 | D:5      | Found a snail-covered altar of Cheibriados.
  2812 | D:5      | Found a sparkling altar of Nemelex Xobeh.
  3119 | D:5      | Reached skill level 1 in Armour
  3135 | D:5      | Reached skill level 5 in Long Blades
  3215 | D:5      | Reached ** piety under Elyvilon
  3485 | D:5      | Learned a level 2 spell: Searing Ray
  4001 | D:6      | Reached skill level 5 in Spellcasting
  4165 | D:7      | Reached XP level 9. HP: 39/44 MP: 8/15
  4166 | D:7      | Found a staircase to the Ecumenical Temple.
  4176 | Temple   | Entered the Ecumenical Temple
  4226 | Temple   | Fell from the grace of Elyvilon
  4226 | Temple   | Became a worshipper of Vehumet
  4847 | D:3      | Found a glowing silver altar of Zin.
  5352 | D:3      | Killed Edmund
  5449 | D:2      | You fall into a shaft and drop 1 floor!
  5680 | D:2      | Found a shattered altar of Ashenzari.
  5914 | D:7      | Found Motzosot's Assorted Antiques.
  5936 | D:7      | Found Istag's Antique Weapon Shop.
  6039 | D:7      | Found Woegal's Weapon Boutique.
  6100 | D:7      | Reached * piety under Vehumet
  6100 | D:7      | Offered knowledge of Freeze by Vehumet.
  6209 | D:7      | Found Jeppoir's Armour Shoppe.
  6251 | D:7      | Found Rohuh's Assorted Antiques.
  6483 | D:7      | Bought a pair of glowing boots for 165 gold pieces
  6779 | D:7      | Reached skill level 1 in Fire Magic
  6849 | D:7      | Bought an orange potion for 26 gold pieces
  6849 | D:7      | Bought a scroll labeled GALUWU NUANI for 29 gold pieces
  6849 | D:7      | Bought a twisted platinum amulet for 145 gold pieces
  7049 | D:8      | Reached skill level 6 in Spellcasting
  7090 | D:8      | Found a basalt altar of Yredelemnul.
  7161 | D:8      | Noticed a two-headed ogre
  7354 | D:8      | Noticed Psyche
  7424 | D:8      | Reached XP level 10. HP: 49/49 MP: 6/18
  7483 | D:8      | Noticed Grum
  7697 | D:8      | Killed Grum
  7717 | D:8      | Learned a level 3 spell: Conjure Flame
  7722 | D:8      | Learned a level 4 spell: Sticky Flame
  7752 | D:8      | Noticed a two-headed ogre
  7782 | D:8      | Killed a two-headed ogre
  7782 | D:8      | Reached skill level 5 in Conjurations
  7904 | D:8      | Killed a two-headed ogre
  8088 | D:8      | Killed Psyche
  8095 | D:8      | Reached skill level 7 in Spellcasting
  8271 | D:9      | Found a staircase to the Lair.
  8316 | D:8      | Reached skill level 5 in Air Magic
  8334 | D:8      | Reached ** piety under Vehumet
  8334 | D:8      | Offered knowledge of Sandblast by Vehumet.
  8375 | D:9      | Noticed a centaur warrior
  8476 | D:8      | Reached skill level 5 in Stealth
  8523 | D:8      | Reached XP level 11. HP: 23/53 MP: 9/20
  8834 | D:9      | Killed a centaur warrior
  9311 | D:9      | Found a staircase to the Orcish Mines.
  9401 | Lair:1   | Entered Level 1 of the Lair of Beasts
  9784 | Lair:1   | Offered knowledge of Static Discharge by Vehumet.
  9800 | Lair:1   | Reached skill level 8 in Spellcasting
  9850 | Lair:1   | Noticed a five-headed hydra
  9867 | Lair:1   | Killed a five-headed hydra
  9876 | Lair:1   | Learned a level 5 spell: Fireball
  9883 | Lair:1   | Got a warped trident
  9888 | Lair:1   | Identified the +6 trident of Cupiety {speed, rPois Str+3
                  | Dex+4} (You found it on level 1 of the Lair of Beasts)
  9921 | Lair:1   | Found a runed translucent door.
  9922 | Lair:1   | Noticed Rastanax's ghost (journeyman HOFi)
  9968 | Lair:1   | Identified the cursed +0 trident "Zaleafar" {venom, rF+}
  9969 | Lair:1   | Noticed a spriggan rider
 10191 | Lair:1   | HP: 1/53 [komodo dragon (12)]
 10373 | Lair:1   | Reached *** piety under Vehumet
 10403 | Lair:1   | Learned a level 3 spell: Static Discharge
 10444 | Lair:2   | Noticed an eight-headed hydra
 10556 | Lair:2   | Killed an eight-headed hydra
 10556 | Lair:2   | Reached skill level 5 in Fire Magic
 10556 | Lair:2   | Gained mutation: You heal very quickly. [Vine Stalker
                  | growth]
 10556 | Lair:2   | Reached XP level 12. HP: 43/58 MP: 6/23
 10597 | Lair:2   | Reached skill level 1 in Polearms
 10869 | Lair:2   | Noticed a catoblepas
 10952 | Lair:2   | Offered knowledge of Airstrike by Vehumet.
 10959 | Lair:2   | Learned a level 4 spell: Airstrike
 11138 | Lair:2   | Reached skill level 9 in Spellcasting
 11394 | Lair:2   | Reached **** piety under Vehumet
 11558 | Lair:2   | Killed a catoblepas
 11782 | Lair:2   | Found a snail-covered altar of Cheibriados.
 12095 | Lair:3   | Noticed Gastronok
 12199 | Lair:3   | Found a frozen archway.
 12341 | IceCv    | Entered an ice cave
 12633 | IceCv    | Offered knowledge of Lightning Bolt by Vehumet.
 12717 | IceCv    | Reached skill level 5 in Poison Magic
 12791 | IceCv    | Reached XP level 13. HP: 59/62 MP: 21/25
 12841 | IceCv    | Reached skill level 10 in Spellcasting
 13175 | IceCv    | Reached skill level 10 in Long Blades
 13562 | IceCv    | Noticed a frost giant
 13655 | IceCv    | Killed a frost giant
 13763 | IceCv    | Reached ***** piety under Vehumet
 13999 | IceCv    | Offered knowledge of Bolt of Magma by Vehumet.
 14009 | IceCv    | Identified Epocukyt's Handbook of Ice
 14082 | IceCv    | Learned a level 3 spell: Frozen Ramparts
 14983 | Lair:3   | Got a faintly glowing robe
 15024 | Lair:3   | Identified the +1 robe of Jacat {rF- Regen+ Str+6} (You
                  | found it on level 3 of the Lair of Beasts)
 15348 | Lair:4   | Found a hole to the Spider Nest.
 15586 | Lair:4   | Found a staircase to the Swamp.
 16241 | Lair:3   | Killed Gastronok
 16241 | Lair:3   | Reached skill level 1 in Ice Magic
 16659 | D:7      | Bought a scarf of invisibility for 144 gold pieces
 16699 | D:7      | Bought a +2 short sword of electrocution for 195 gold
                  | pieces
 16918 | Lair:5   | Reached skill level 5 in Polearms
 16930 | Lair:5   | Reached skill level 1 in Evocations
 16930 | Lair:5   | Reached skill level 11 in Spellcasting
 17103 | Lair:5   | Found a runed translucent gate.
 17104 | Lair:5   | Found a runed translucent gate.
 17105 | Lair:5   | Found a runed translucent gate.
 17112 | Lair:5   | Noticed Wolly's ghost (journeyman CeAM)
 17113 | Lair:5   | Noticed a minotaur
 17494 | Spider:1 | Entered Level 1 of the Spider Nest
 17634 | Lair:4   | Reached skill level 5 in Fighting
 17773 | Spider:1 | Noticed Nikola
 17801 | Lair:4   | Learned a level 5 spell: Bolt of Magma
 17927 | D:10     | Entered Level 10 of the Dungeon
 17985 | D:10     | Found a glowing golden altar of the Shining One.
 18018 | D:10     | Reached XP level 14. HP: 68/68 MP: 27/27
 18284 | D:10     | Reached skill level 5 in Dodging
 19643 | D:12     | Found a gate leading to a gauntlet.
 19658 | D:12     | Found Wetuw's Antique Armour Boutique.
 19712 | Gauntlet | Entered a Gauntlet
 19712 | Gauntlet | Found a transporter.
 19712 | Gauntlet | Found a large runed translucent door.
 19712 | Gauntlet | Found a large runed translucent door.
 19712 | Gauntlet | Found a large runed translucent door.
 19712 | Gauntlet | Found a large runed translucent door.
 19712 | Gauntlet | Found a large runed translucent door.
 19712 | Gauntlet | Found a large runed translucent door.
 19712 | Gauntlet | Found a runed translucent door.
 19712 | Gauntlet | Found a runed translucent door.
 19712 | Gauntlet | Found a large runed translucent door.
 19712 | Gauntlet | Found a large runed translucent door.
 19712 | Gauntlet | Found a large runed translucent door.
 19712 | Gauntlet | Found a large runed translucent door.
 19712 | Gauntlet | Found a large runed translucent door.
 19712 | Gauntlet | Found a large runed translucent door.
 19740 | Gauntlet | Found a large runed translucent door.
 19740 | Gauntlet | Found a large runed translucent door.
 19740 | Gauntlet | Found a large runed translucent door.
 19740 | Gauntlet | Found a large runed translucent door.
 19757 | Gauntlet | Found a transporter.
 19758 | Gauntlet | Found a runed translucent gate.
 19758 | Gauntlet | Found a runed translucent gate.
 19769 | Gauntlet | Found a transporter.
 19773 | Gauntlet | Found a transporter.
 19783 | Gauntlet | Found a transporter.
 19807 | Gauntlet | Found a transporter.
 19810 | Gauntlet | Found a transporter.
 19814 | Gauntlet | Found a transporter.
 19816 | Gauntlet | Found a runed translucent gate.
 19842 | Gauntlet | Found a transporter.
 19846 | Gauntlet | Found a transporter.
 19847 | Gauntlet | Found a transporter.
 19854 | Gauntlet | Found a runed translucent door.
 19864 | Gauntlet | Found a transporter.
 20082 | Gauntlet | Offered knowledge of Orb of Destruction by Vehumet.
 20099 | Gauntlet | Got a steaming hat
 20110 | Gauntlet | Identified the +1 hat of the Freezing Grue {rC- rN+ MR-
                  | rCorr Str+6} (You found it in a Gauntlet)
 20143 | Gauntlet | Got a scorched pewter amulet
 20180 | Gauntlet | Identified the +7 halberd of Uskayaw's Whim {vamp, rElec
                  | rF- Int+4}
 20180 | Gauntlet | Identified the amulet "Yfoappyfa" {Faith Str+2}
 20215 | Gauntlet | Identified the amulet "Ycwoehuxt" {RegenMP Str+2} (You
                  | found it in a Gauntlet)
 20989 | D:12     | Got an ominously black robe
 20990 | D:12     | Identified the +1 robe of Woyparau {Str+2} (You found it on
                  | level 12 of the Dungeon)
 21145 | D:13     | Reached skill level 12 in Spellcasting
 21334 | D:13     | Identified the Grimoire of Dislocated Battle Magic
 21335 | D:13     | Found the +10 zealot's sword {holy, *Rage rN+ EV+3}
 21671 | D:13     | Found Teuxzusi's Demolitions Depot.
 21971 | D:13     | Lost mutation: You have large cloven feet. [potion of
                  | mutation]
 21971 | D:13     | Lost mutation: Your magical capacity is low. (-10% MP)
                  | [potion of mutation]
 21971 | D:13     | Gained mutation: You are dopey. (Int -2) [potion of
                  | mutation]
 21971 | D:13     | Gained mutation: Your system is resistant to poisons.
                  | (rPois) [potion of mutation]
 21971 | D:13     | Gained mutation: You are resistant to electric shocks.
                  | (rElec) [potion of mutation]
 22009 | D:13     | Found a gate to the Vaults.
 22458 | D:14     | Reached XP level 15. HP: 72/72 MP: 28/32
 22463 | D:14     | Found a glowing golden altar of the Shining One.
 23020 | D:14     | Offered knowledge of Starburst by Vehumet.
 23177 | D:14     | Reached skill level 5 in Evocations
 23529 | D:15     | Entered Level 15 of the Dungeon
 23548 | D:15     | Noticed Agnes
 23679 | D:15     | Killed Agnes
 23717 | D:15     | Found an opulent altar of Gozag.
 23852 | D:15     | Reached skill level 5 in Ice Magic
 24264 | D:15     | Reached skill level 13 in Spellcasting
 24278 | D:15     | Learned a level 6 spell: Starburst
 24410 | D:15     | Found a shadowy altar of Dithmenos.
 24678 | D:15     | Found a staircase to the Depths.
 25016 | Lair:6   | Entered Level 6 of the Lair of Beasts
 25176 | Lair:6   | Offered knowledge of Yara's Violent Unravelling by Vehumet.
 25263 | Lair:6   | Noticed Snorg
 25273 | Lair:6   | Killed Snorg
 25362 | Lair:6   | Reached XP level 16. HP: 77/77 MP: 31/34
 25390 | Lair:6   | Found a dark tunnel.
 25433 | Volcano  | Entered a volcano
 25622 | Volcano  | Found a burning altar of Makhleb.
 26166 | Lair:6   | Reached ****** piety under Vehumet
 26182 | Lair:6   | Found a runed translucent door.
 26191 | Lair:6   | Found a viscous altar of Jiyva.
 26212 | Lair:6   | Found a staircase to the Slime Pits.
 26212 | Lair:6   | Noticed an acid blob
 26212 | Lair:6   | Noticed an acid blob
 26309 | Lair:6   | Offered knowledge of Conjure Ball Lightning by Vehumet.
 26603 | D:13     | Learned a level 6 spell: Conjure Ball Lightning
 26929 | Lair:6   | Noticed Nessos
 26949 | Lair:6   | Killed Nessos
 27196 | Lair:6   | Identified a scroll of acquirement
 27434 | Orc:1    | Entered Level 1 of the Orcish Mines
 27510 | D:9      | Learned a level 1 spell: Apportation
 27719 | Orc:1    | Found a roughly hewn altar of Beogh.
 27997 | Orc:1    | Offered knowledge of Iskenderun's Battlesphere by Vehumet.
 28150 | Orc:1    | Found a roughly hewn altar of Beogh.
 28253 | Orc:1    | Reached skill level 14 in Spellcasting
 28508 | Orc:2    | Entered Level 2 of the Orcish Mines
 28749 | Orc:2    | Found a roughly hewn altar of Beogh.
 28874 | Orc:2    | Offered knowledge of Chain Lightning by Vehumet.
 29091 | Orc:2    | Found a staircase to the Elven Halls.
 29105 | Orc:2    | Found Hiudumy's General Store.
 29191 | Orc:2    | Reached XP level 17. HP: 77/82 MP: 30/36
 29245 | Orc:2    | Found Qufris Ekuq's Assorted Antiques.
 29296 | Orc:2    | Found Yrexe's Distillery.
 29304 | Orc:2    | Found Foado's Armour Shoppe.
 29323 | Orc:2    | Bought a +1 pair of gloves of archery for 198 gold pieces
 29362 | Elf:1    | Entered Level 1 of the Elven Halls
 29455 | Elf:1    | Offered knowledge of Fire Storm by Vehumet.
 29455 | Elf:1    | Offered knowledge of Ignition by Vehumet.
 29455 | Elf:1    | Offered knowledge of Absolute Zero by Vehumet.
 29791 | Elf:1    | Reached skill level 10 in Stealth
 29975 | Elf:1    | Reached skill level 1 in Throwing
 30274 | D:7      | Bought a scroll of enchant armour for 165 gold pieces
 30471 | Elf:1    | Found a shimmering blue altar of Sif Muna.
 30755 | Elf:1    | Identified the +0 robe of Itour {rElec rCorr Stlth+} (You
                  | found it on level 1 of the Elven Halls)
 31142 | Elf:1    | Learned a level 4 spell: Olgreb's Toxic Radiance
 31395 | Spider:1 | Reached skill level 1 in Shields
 31603 | Spider:1 | Killed Nikola
 31763 | Spider:1 | Got a glittering jade amulet
 31764 | Spider:1 | Identified the amulet "Qecaiv" {RegenMP MR++ Str-4} (You
                  | found it on level 1 of the Spider Nest)
 31821 | Spider:1 | Reached skill level 15 in Spellcasting
 33077 | Spider:3 | Reached XP level 18. HP: 84/88 MP: 38/38
 33430 | Spider:3 | Identified the +1 leather armour of Byskoapn {Str-3 Dex+5}
                  | (You found it on level 3 of the Spider Nest)
 33448 | Spider:4 | Entered Level 4 of the Spider Nest
 34953 | Spider:4 | Got a gossamer rune of Zot
 35079 | Spider:4 | Learned a level 8 spell: Ignition
 35338 | Swamp:1  | Entered Level 1 of the Swamp
 37068 | Swamp:3  | Found a transporter.
 37135 | Swamp:3  | Reached XP level 19. HP: 93/93 MP: 39/39
 37237 | Swamp:3  | Found a transporter.
 37322 | Swamp:3  | Reached skill level 16 in Spellcasting
 38207 | Swamp:3  | Paralysed by a Zot trap for 5 turns
 38815 | Swamp:3  | Got a glittering iron ring
 38816 | Swamp:3  | Identified the ring "Nemad" {rPois rF+++ Int-4 Dex-2
                  | Stlth-} (You found it on level 3 of the Swamp)
 38819 | Swamp:3  | Identified the +4 pair of gloves of Happiness {Harm rPois
                  | Slay+2} (You found it on level 3 of the Swamp)
 38847 | Swamp:4  | Entered Level 4 of the Swamp
 39114 | Swamp:4  | Reached skill level 5 in Shields
 39114 | Swamp:4  | Reached skill level 10 in Air Magic
 39327 | Swamp:4  | Reached skill level 10 in Conjurations
 40138 | Swamp:4  | Got a decaying rune of Zot
 40392 | Orc:2    | Bought a scroll of enchant weapon for 90 gold pieces
 40577 | Depths:1 | Entered Level 1 of the Depths
 40577 | Depths:1 | Found a gateway to Hell.
 40800 | Elf:2    | Noticed Jorgrun
 40967 | Elf:2    | Noticed Asterion
 40986 | Elf:2    | Killed Asterion
 41138 | Elf:2    | Upgraded the game from 0.25-b1-37-g2669288c55 to
                  | 0.25-b1-39-g0d900dab71
 41255 | Elf:2    | Killed Jorgrun
 41319 | Elf:2    | Found a runed translucent gate.
 41325 | Elf:2    | Found a runed translucent gate.
 41326 | Elf:2    | Found a runed translucent gate.
 41346 | Elf:2    | Learned a level 4 spell: Summon Lightning Spire
 41604 | Elf:3    | Entered Level 3 of the Elven Halls
 41759 | Elf:3    | Reached XP level 20. HP: 98/98 MP: 41/41
 41775 | Elf:3    | Noticed a Brimstone Fiend
 41795 | Elf:3    | Noticed a Tzitzimitl
 41806 | Elf:3    | Noticed a Tzitzimitl
 42224 | Elf:2    | Reached skill level 10 in Fire Magic
 42836 | Elf:3    | Noticed a Brimstone Fiend
 42837 | Elf:3    | Noticed a Brimstone Fiend
 42848 | Elf:3    | Killed from afar by a hellion

Illustrated notes

Levels and vault maps discovered:
D:1:      minmay_arrival_glassed_features, layout_rooms
D:2:      layout_loops_ring, lemuel_coloured_pillars_altar,
          chequers_ecumenical_altar_simple
D:3:      layout_basic, chequers_temple_overflow_statue_of_worship
D:4:      layout_loops_ring, first_ration, portal_sewer_entry_b,
          xom_teletrap_fun, uniq_edmund
D:5:      layout_gridville, grunt_temple_overflow_open,
          nicolae_ossuary_entry_ruins
D:6:      layout_rooms, grunt_decor_mini_mirrors, grunt_decor_cap,
          minmay_pentangle
D:7:      layout_gridville, minmay_temple_entry_antechambers, serial_shops,
          kennysheep_mini, shop_statue, kennysheep_little_box,
          kennysheep_mini_moat, nicolae_shop_overgrown_old_shop
D:8:      layout_basic, overflow_temple_1_default, uniq_grum, uniq_psyche
D:9:      layout_cross, erik_lair_orcish_takeover, minmay_orc_entry_guard_dogs,
          grunt_livestock
D:10:     layout_irregular_city, basic_altar, minmay_hedge_maze
D:11:     layout_loops_cross
D:12:     layout_stronghold, serial_shops, nicolae_shop_stone,
          gauntlet_entry_generic
D:13:     layout_roguey, david_vaults_4, nicolae_blasting_shop,
          minmay_the_grid_2x2 [minmay_the_grid_stretched_grid,
          minmay_the_grid_fan, minmay_the_grid_holed_spiral,
          minmay_the_grid_prize_shrinking_boxes]
D:14:     minmay_angry_zag, layout_grid_maze, nicolae_lava_and_water,
          tso_metal_star
D:15:     grunt_enter_depths_hoard, layout_basic, nicolae_gozag_seed_capital,
          nicolae_dithmenos_the_darkroom, uniq_agnes
Temple:   regret_index_temple_generic_petals
Lair:1:   layout_regular_city, ebering_ghost_funeral_grove, serial_forest,
          infiniplex_forest_clump_curved, infiniplex_forest_clump_small,
          infiniplex_forest_lined_3, infiniplex_forest_lined_2,
          infiniplex_forest_lined_2, infiniplex_forest_clump_long,
          infiniplex_forest_lined_room_2, minivault_25
Lair:2:   layout_roguey [special_room_bee], kennysheep_snail_temple,
          serial_bayou_shore_a, infiniplex_staircase_pool, grunt_megastairs_4
Lair:3:   layout_cave_pods, portal_ice_cave_entry_ice_beasts, uniq_gastronok
Lair:4:   layout_regular_city, minmay_swamp_entry_reptiles,
          nicolae_spider_entry_orb_guardian, grunt_megastairs_1,
          serial_bayou_shore_b
Lair:5:   layout_regular_city, maelrawn_ghost_gauntlet_escape
Lair:6:   minmay_lair_end_frog_pond, layout_big_grid, slime_altar_2,
          nicolae_volcano_entry_batcave, uniq_snorg, uniq_nessos
Swamp:1:  layout_falls_marsh, evilmike_swamp_ruin_house_2
Swamp:2:  layout_basic_swamp, evilmike_swamp_ruin_rubble_2
Swamp:3:  gammafunk_worm_tunnel, layout_basic_swamp, serial_swamp_ruin,
          evilmike_swamp_ruin_rubble_1, evilmike_swamp_ruin_house_4,
          swamp_pool1, cheibrodos_swamp_slimy, infiniplex_staircase_pool_2
Swamp:4:  swamp, layout_basic_swamp
Spider:1: layout_spider_delve, uniq_nikola
Spider:2: layout_spider_delve
Spider:3: layout_spider_delve, drop_trap
Spider:4: spider_rune_water
Orc:1:    orc_temple, layout_diamond_mine, basic_altar
Orc:2:    st_orc_open, layout_caves, basic_altar
Elf:1:    elf_arrival_001, layout_gridlike,
          hangedman_elven_crosses_minicolossus, lemuel_blue_sif_altar
Elf:2:    layout_geoelf_grid, uniq_jorgrun, uniq_asterion
Elf:3:    elf_hall, layout_geoelf_octagon, lemuel_flamethrower_1
Depths:1: layout_cave_pools, abyss_entry, nicolae_ashenzari_panopticon,
          hell_entry, nzn_random_ring

Skill      XL: |  1  2  3  4  5  6  7  8  9 10 11 12 13 14 15 16 17 18 19 20 |
---------------+-------------------------------------------------------------+-----
Fighting       | 1 2 3 4 5 6 7 8 |  8.5
Spellcasting   | 3 4 5 6 7 8 9 11 12 13 14 15 16 | 16.7
Dodging        | 2 3 4 5 6 7 |  7.2
Conjurations   | 1 2 3 4 5 6 7 8 9 10 | 10.8
Air Magic      | 1 2 3 4 5 6 7 8 9 10 | 10.8
Short Blades   | 1 2 3 |  3.7
Long Blades    | 1 2 3 5 6 8 9 10 11 12 13 | 13.8
Armour         | 1 3 4 |  4.8
Fire Magic     | 1 3 5 6 7 8 9 10 | 10.1
Stealth        | 3 5 6 8 9 10 11 | 11.5
Poison Magic   | 4 5 6 7 8 |  8.0
Polearms       | 3 5 6 |  6.1
Ice Magic      | 1 4 5 6 7 |  7.1
Evocations     | 1 4 6 7 |  7.0
Throwing       | 1 |  1.5
Shields        | 2 4 5 6 |  6.1
Summonings     | |  0.7
Translocations | |  0.2
Transmutations | |  1.0

Action                   |  1- 3 |  4- 6 |  7- 9 | 10-12 | 13-15 | 16-18 | 19-21 || total
-------------------------+-------+-------+-------+-------+-------+-------+-------++-------
Melee: Dagger            |    46 |       |     1 |     9 |     8 |       |       ||    64
       Bite              |    12 |    29 |   138 |   164 |   218 |   270 |   153 ||   984
       Unarmed           |     1 |       |       |       |       |       |       ||     1
       Falchion          |    31 |    69 |   407 |   165 |    14 |       |       ||   686
       Trident           |       |       |       |   264 |   339 |    10 |       ||   613
       Short sword       |       |       |       |       |   156 |     8 |       ||   164
       Halberd           |       |       |       |       |    51 |    12 |       ||    63
       Eudemon blade     |       |       |       |       |   173 |   705 |   439 ||  1317
       Scimitar          |       |       |       |       |     4 |       |       ||     4
       Quick blade       |       |       |       |       |       |    96 |   125 ||   221
Throw: Dart              |       |    11 |    25 |    35 |    42 |    74 |       ||   187
       Boomerang         |       |       |       |     3 |     7 |    16 |    12 ||    38
 Cast: Sting             |     4 |       |       |       |       |       |       ||     4
       Poisonous Vapours |     7 |    16 |    28 |   104 |   125 |   179 |    28 ||   487
       Searing Ray       |       |       |    25 |    28 |    15 |     7 |     1 ||    76
       Mephitic Cloud    |       |       |     9 |    19 |    26 |    29 |    19 ||   102
       Sticky Flame      |       |       |       |    41 |   123 |   143 |    88 ||   395
       Ignite Poison     |       |       |       |     2 |       |       |       ||     2
       Conjure Flame     |       |       |       |     4 |       |     1 |       ||     5
       Fireball          |       |       |       |     3 |     1 |     1 |       ||     5
       Frozen Ramparts   |       |       |       |       |    66 |    82 |    18 ||   166
       Airstrike         |       |       |       |       |     2 |       |       ||     2
       Static Discharge  |       |       |       |       |       |     3 |       ||     3
       Conjure Ball Ligh |       |       |       |       |       |     1 |     5 ||     6
       Olgreb's Toxic Ra |       |       |       |       |       |     5 |       ||     5
       Apportation       |       |       |       |       |       |     3 |     1 ||     4
       Summon Lightning  |       |       |       |       |       |       |     7 ||     7
 Abil: Evoke Flight      |       |       |       |       |     1 |       |       ||     1
Evoke: Wand              |       |       |       |       |     1 |       |       ||     1
  Use: Scroll            |       |    12 |     5 |    13 |    16 |    15 |    11 ||    72
       Potion            |       |       |     2 |     2 |    13 |     3 |       ||    20
 Stab: Sleeping          |     7 |     2 |     7 |     8 |    47 |    43 |    12 ||   126
       Confused          |       |       |     5 |    18 |    15 |    22 |     8 ||    68
       Distracted        |       |       |     1 |     2 |     2 |     1 |       ||     6
       Invisible         |       |       |       |       |     2 |       |       ||     2
  Eat: Chunk             |     2 |     4 |    16 |    21 |    30 |    35 |    14 ||   122
       Ration            |       |       |     1 |     1 |     4 |     1 |     2 ||     9
Armor: Robe              |    19 |    23 |    41 |    37 |       |     8 |       ||   128
       Ring mail         |       |     5 |   123 |       |       |       |       ||   128
       Troll leather arm |       |       |       |   140 |   304 |   340 |   221 ||  1005
       Skin              |       |       |       |       |    20 |       |       ||    20
       Leather armour    |       |       |       |       |       |     1 |       ||     1
Dodge: Dodged            |    58 |    60 |   186 |   427 |   586 |   879 |   421 ||  2617
Block: Buckler           |       |       |       |       |       |   167 |   215 ||   382
       Rpst.: Falchion   |     5 |    17 |    55 |    47 |     7 |       |       ||   131
       Eudemon blade     |       |       |       |       |    50 |   178 |    67 ||   295
       Scimitar          |       |       |       |       |     2 |       |       ||     2
